Monarchs vs Bears

Created - Wednesday, November 26, 2014 at 23:43

Goals
1 2 3 OT1 SO T
Monarchs 0 0 1 0 3 2
Bears 0 1 0 0 2 1
Shots
1 2 3 OT1 SO T
Monarchs 9 6 11 3 5 29
Bears 8 7 8 3 5 26

1st period

No Goal

Penalties :
David Dziurzynski (Her) for Holding (Minor) at 1:12, Shawn O'Donnell (Her) for Fighting (Major) at 13:44, Bobby Robins (MAN) for Fighting (Major) at 13:44, Brad Mills (Her) for Hooking (Minor) at 14:15

2nd period

1. Bears , RJ Umberger 10 (Patrice Cormier) at 2:14 (PP)

Penalties :
Bobby Robins (MAN) for Hooking (Minor) at 2:07, Patrice Cormier (Her) for Fighting (Major) at 3:06, Raffi Torres (MAN) for Fighting (Major) at 3:06, David Dziurzynski (Her) for Fighting (Major) at 3:31, Taylor Doherty (MAN) for Fighting (Major) at 3:31, Taylor Doherty (MAN) for instigated a fight (Minor) at 3:31, Taylor Doherty (MAN) for instigated a fight (10 Minutes Misconduct) at 3:31

3rd period

2. Monarchs , Keith Ballard 23 (Nathan Paetsch) at 11:53 (PP)

Penalties :
David Dziurzynski (Her) for Fighting (Major) at 1:35, Bobby Robins (MAN) for Fighting (Major) at 1:35, David Dziurzynski (Her) for Fighting (Major / Game Misconduct) at 7:15, Bobby Robins (MAN) for Fighting (Major / Game Misconduct) at 7:15, Patrice Cormier (Her) for Interference (Minor) at 11:16, Erick Lizon (Her) for Fighting (Major) at 12:47, Raffi Torres (MAN) for Fighting (Major) at 12:47, Shawn O'Donnell (Her) for Fighting (Major) at 15:10, Keith Ballard (MAN) for Fighting (Major) at 15:10, Farm Player15 (Her) for Holding (Minor) at 17:03

Overtime #1

No Goal

Penalties :
No Penalty

Shootout

Penalty Shot by Jason Jaffray for Monarchs - Stopped by John Gibson
Penalty Shot by RJ Umberger for Bears - Goal!
Penalty Shot by Mathieu Tousignant for Monarchs - Goal!
Penalty Shot by Patrice Cormier for Bears - Stopped by Niklas Svedberg
Penalty Shot by Rostislav Olesz for Monarchs - Shot Misses the Net
Penalty Shot by Maxime Macenauer for Bears - Stopped by Niklas Svedberg
Penalty Shot by Brett Olson for Monarchs - Goal!
Penalty Shot by Kevin Henderson for Bears - Goal!
Penalty Shot by Jared Knight for Monarchs - Goal!
Penalty Shot by Brad Mills for Bears - Shot Misses the Net

Penalties :
No Penalty

Goalie Stats

Niklas Svedberg (MAN), 25 saves from 26 shots - (0.962), W, 11-9-3, 65:00 minutes
John Gibson (Her), 28 saves from 29 shots - (0.966), OTL, 9-2-8, 65:00 minutes

Players Stats for Monarchs

Player Name              G  A  P  +/- PIM S  H  SB GA TA FO     MP     PP MP  PK MP  
------------------------------------------------------------------------------------
Bobby Robins             0  0  0   0  27  0  1  0  1  0  0/0     8:27   0:00   0:00 
Brett Olson              0  0  0   0  0   2  0  0  1  3  8/17   20:25   3:42   0:00 
C.J. Stretch             0  0  0   0  0   3  0  1  1  0  5/9    19:41   2:52   0:00 
David Rundblad           0  0  0   0  0   0  0  0  0  0  0/0     0:00   0:00   0:00 
Derek Forbort            0  0  0   0  0   1  2  3  0  2  0/0    25:36   3:14   1:04 
Farm Player16            0  0  0   0  0   0  0  0  0  0  0/0    19:07   0:26   0:33 
Farm Player23            0  0  0   0  0   0  0  0  0  2  0/6    11:55   0:00   0:28 
Jared Knight             0  0  0   0  0   1  0  1  1  1  0/2    25:31   3:42   1:33 
Jason Jaffray            0  0  0   0  0   6  1  4  4  1  3/5    26:03   3:42   1:38 
Joe Morrow               0  0  0   0  0   3  1  1  0  1  0/0    19:17   1:41   1:04 
Jordan Hill              0  0  0   0  0   0  0  2  1  3  0/0    14:15   0:00   0:00 
Keith Ballard            1  0  1   0  5   6  3  1  1  1  1/1    23:40   2:54   1:02 
Matej Stransky           0  0  0   0  0   1  0  0  3  1  1/1    19:41   2:52   0:00 
Mathieu Tousignant       0  0  0   0  0   0  3  0  0  2  8/13   17:27   0:14   0:00 
Nathan Paetsch           0  1  1   0  0   0  1  1  1  0  0/0    26:32   4:53   1:02 
Raffi Torres             0  0  0   0  10  2  1  1  3  0  0/0    13:43   0:00   0:00 
Rostislav Olesz          0  0  0   0  0   4  3  2  0  1  0/0    18:32   2:38   0:00 
Taylor Doherty           0  0  0   0  17  0  0  0  0  0  0/0     8:25   0:00   0:00 

Players Stats for Bears

Player Name              G  A  P  +/- PIM S  H  SB GA TA FO     MP     PP MP  PK MP  
------------------------------------------------------------------------------------
Ben Youds                0  0  0   0  0   0  1  2  1  1  0/0    14:15   0:00   0:00 
Brad Mills               0  0  0   0  2   1  1  0  2  0  0/0    17:45   1:25   0:00 
Brett Clark              0  0  0   0  0   3  3  1  0  2  0/0    27:54   1:23   3:35 
Chris Bruton             0  0  0   0  0   1  0  0  0  0  1/2     6:42   0:00   0:00 
David Dziurzynski        0  0  0   0  27  0  2  0  2  0  0/0     9:26   0:00   0:00 
Eric Neilson             0  0  0   0  0   0  0  1  0  0  0/0    13:02   0:00   0:00 
Erick Lizon              0  0  0   0  5   0  3  0  0  0  0/1    15:16   0:41   0:11 
Farm Player15            0  0  0   0  2   0  0  0  0  0  0/0     6:06   0:09   0:00 
Kevin Henderson          0  0  0   0  0   1  3  1  2  0  0/1    19:05   0:41   1:39 
Mark Cundari             0  0  0   0  0   1  1  1  3  0  0/0    14:15   0:00   0:00 
Mark Flood               0  0  0   0  0   5  1  3  1  0  0/0    22:51   0:43   2:59 
Matt Taormina            0  0  0   0  0   0  1  1  2  2  0/0    22:51   0:43   2:59 
Maxime Macenauer         0  0  0   0  0   3  2  4  2  0  3/9    19:05   0:41   1:39 
Patrice Cormier          0  1  1   0  7   1  3  0  1  0  10/15  21:23   0:07   4:18 
RJ Umberger              1  0  1   0  0   6  1  3  6  1  8/12   26:24   1:25   4:55 
Shawn O'Donnell          0  0  0   0  10  1  1  0  3  2  0/0    12:45   0:00   0:37 
Stefan Elliott           0  0  0   0  0   2  1  4  1  0  0/0    27:54   1:23   3:35 
Tyler Brown              0  0  0   0  0   1  0  1  0  0  6/14   16:58   1:09   0:00 

3 Stars

1 - John Gibson (Her)
2 - Niklas Svedberg (MAN)
3 - RJ Umberger (Her)

Power Play

Monarchs - 1 on 4 Attempt(s) - 25.00%
Bears - 1 on 2 Attempt(s) - 50.00%

Penalty Kill

Monarchs - 1 on 2 Attempt(s) - 50.00% - Score 0 goal in Penalty Kill
Bears - 3 on 4 Attempt(s) - 75.00% - Score 0 goal in Penalty Kill

Official

Referees : Unknown
Linesman : Unknown

Game Notes

Shawn O'Donnell beats up Bobby Robins at 13:44 of 1st period
Patrice Cormier and Raffi Torres fight to a draw at 3:06 of 2nd period
David Dziurzynski beats up Taylor Doherty at 3:31 of 2nd period
David Dziurzynski and Bobby Robins fight to a draw at 1:35 of 3rd period
David Dziurzynski beats up Bobby Robins at 7:15 of 3rd period
David Dziurzynski ejected from game at 7:15 of 3rd period
Bobby Robins ejected from game at 7:15 of 3rd period
Raffi Torres beats up Erick Lizon at 12:47 of 3rd period
Shawn O'Donnell beats up Keith Ballard at 15:10 of 3rd period

Finance

Level 1 -- Attendance: 1358 (67.90%) -- Ticket Income $47,530
Level 2 -- Attendance: 822 (82.20%) -- Ticket Income $12,330
Total Attendance: 2180 (72.67%)
Total Ticket Income: $59,860
Other Income: $29,331
Total Income: $89,191

Monarchs

5 vs 5 Forward 
   Center                   Left Wing                Right Wing               Time % Phy DF OF 
 1 Brett Olson              Jason Jaffray            Jared Knight             35     1   2  2  
 2 C.J. Stretch             Raffi Torres             Matej Stransky           30     1   2  2  
 3 Mathieu Tousignant       Rostislav Olesz          Bobby Robins             22     1   2  2  
 4 Farm Player23            Jason Jaffray            Rostislav Olesz          13     1   2  2  

5 vs 5 Defense 
   Defense                  Defense                                           Time % Phy DF OF 
 1 Keith Ballard            Nathan Paetsch                                    35     1   2  2  
 2 Joe Morrow               Derek Forbort                                     30     1   2  2  
 3 Derek Forbort            Taylor Doherty                                    22     1   2  2  
 4 Jordan Hill              Farm Player16                                     13     1   2  2  

PowerPlay Forward 
   Center                   Left Wing                Right Wing               Time % Phy DF OF 
 1 Brett Olson              Jason Jaffray            Jared Knight             60     1   2  2  
 2 C.J. Stretch             Rostislav Olesz          Matej Stransky           40     1   2  2  

PowerPlay Defense
   Defense                  Defense                                           Time % Phy DF OF 
 1 Keith Ballard            Nathan Paetsch                                    60     1   2  2  
 2 Joe Morrow               Derek Forbort                                     40     1   2  2  

Penalty Kill 4 Players Forward 
   Center                   Wing                     Time % Phy DF OF 
 1 Jason Jaffray            Jared Knight             60     1   2  2  
 2 Rostislav Olesz          Brett Olson              40     1   2  2  

Penalty Kill 4 Players Defense
   Defense                  Defense                  Time % Phy DF OF 
 1 Keith Ballard            Nathan Paetsch           60     1   2  2  
 2 Joe Morrow               Derek Forbort            40     1   2  2  

Penalty Kill - 3 Players Forward 
   Forward                                           Time % Phy DF OF 
 1 Jason Jaffray                                     60     1   2  2  
 2 Brett Olson                                       40     1   2  2  

Penalty Kill - 3 Players Defense
   Defense                  Defense                  Time % Phy DF OF 
 1 Keith Ballard            Nathan Paetsch           60     1   2  2  
 2 Joe Morrow               Jordan Hill              40     1   2  2  

4 vs 4 Forward 
   Center                   Wing                     Time % Phy DF OF 
 1 Jason Jaffray            Jared Knight             60     1   2  2  
 2 Rostislav Olesz          Brett Olson              40     1   2  2  

4 vs 4 Defense
   Defense                  Defense                  Time % Phy DF OF 
 1 Keith Ballard            Nathan Paetsch           60     1   2  2  
 2 Joe Morrow               Taylor Doherty           40     1   2  2  

Last Minutes Offensive
   Center                   Left Wing                Right Wing               Defense                  Defense                  
   Brett Olson              Jason Jaffray            Jared Knight             Keith Ballard            Nathan Paetsch           

Last Minutes Defensive
   Center                   Left Wing                Right Wing               Defense                  Defense                  
   Brett Olson              Jason Jaffray            Jared Knight             Keith Ballard            Nathan Paetsch           

Goaltenders
Starting : Niklas Svedberg          
Backup : Reto Berra               

Extra Forwards
Normal : Mathieu Tousignant, Bobby Robins, Farm Player16 - PP : Mathieu Tousignant, Bobby Robins - PK : Farm Player16
Extra Defensemen
Normal : Derek Forbort, Taylor Doherty, Jordan Hill - PP : Derek Forbort - PK : Taylor Doherty, Jordan Hill
Penalty Shots
Jason Jaffray, Mathieu Tousignant, Rostislav Olesz, Brett Olson, Jared Knight

Bears

5 vs 5 Forward 
   Center                   Left Wing                Right Wing               Time % Phy DF OF 
 1 Patrice Cormier          RJ Umberger              Brad Mills               35     1   2  2  
 2 Maxime Macenauer         Kevin Henderson          Erick Lizon              30     1   2  2  
 3 Tyler Brown              David Dziurzynski        Eric Neilson             22     1   2  2  
 4 Chris Bruton             Shawn O'Donnell          RJ Umberger              13     1   2  2  

5 vs 5 Defense 
   Defense                  Defense                                           Time % Phy DF OF 
 1 Brett Clark              Stefan Elliott                                    35     1   2  2  
 2 Mark Flood               Matt Taormina                                     30     1   2  2  
 3 Mark Cundari             Ben Youds                                         22     1   2  2  
 4 Stefan Elliott           Brett Clark                                       13     1   2  2  

PowerPlay Forward 
   Center                   Left Wing                Right Wing               Time % Phy DF OF 
 1 Patrice Cormier          RJ Umberger              Brad Mills               60     1   2  2  
 2 Maxime Macenauer         Kevin Henderson          Erick Lizon              40     1   2  2  

PowerPlay Defense
   Defense                  Defense                                           Time % Phy DF OF 
 1 Brett Clark              Stefan Elliott                                    60     1   2  2  
 2 Mark Flood               Matt Taormina                                     40     1   2  2  

Penalty Kill 4 Players Forward 
   Center                   Wing                     Time % Phy DF OF 
 1 RJ Umberger              Patrice Cormier          60     1   2  2  
 2 Maxime Macenauer         Kevin Henderson          40     1   2  2  

Penalty Kill 4 Players Defense
   Defense                  Defense                  Time % Phy DF OF 
 1 Brett Clark              Stefan Elliott           60     1   2  2  
 2 Mark Flood               Matt Taormina            40     1   2  2  

Penalty Kill - 3 Players Forward 
   Forward                                           Time % Phy DF OF 
 1 RJ Umberger                                       60     1   2  2  
 2 Patrice Cormier                                   40     1   2  2  

Penalty Kill - 3 Players Defense
   Defense                  Defense                  Time % Phy DF OF 
 1 Brett Clark              Stefan Elliott           60     1   2  2  
 2 Mark Flood               Matt Taormina            40     1   2  2  

4 vs 4 Forward 
   Center                   Wing                     Time % Phy DF OF 
 1 RJ Umberger              Patrice Cormier          60     1   2  2  
 2 Maxime Macenauer         Kevin Henderson          40     1   2  2  

4 vs 4 Defense
   Defense                  Defense                  Time % Phy DF OF 
 1 Brett Clark              Stefan Elliott           60     1   2  2  
 2 Mark Flood               Matt Taormina            40     1   2  2  

Last Minutes Offensive
   Center                   Left Wing                Right Wing               Defense                  Defense                  
   Patrice Cormier          RJ Umberger              Brad Mills               Brett Clark              Stefan Elliott           

Last Minutes Defensive
   Center                   Left Wing                Right Wing               Defense                  Defense                  
   Patrice Cormier          RJ Umberger              Brad Mills               Brett Clark              Stefan Elliott           

Goaltenders
Starting : John Gibson              
Backup : Cristopher Nilstorp      

Extra Forwards
Normal : David Dziurzynski, Tyler Brown, Shawn O'Donnell - PP : David Dziurzynski, Tyler Brown - PK : Shawn O'Donnell
Extra Defensemen
Normal : Mark Cundari, Ben Youds, Stefan Elliott - PP : Mark Cundari - PK : Ben Youds, Brett Clark
Penalty Shots
RJ Umberger, Patrice Cormier, Maxime Macenauer, Kevin Henderson, David Dziurzynski

% Time on Ice - Monarchs

Lines # - Real PCT - Wanted PCT - Time Play
Normal Forward
1 - 32% - 35% - 16:35
2 - 33% - 30% - 16:49
3 - 27% - 22% - 13:50
4 - 8% - 13% - 4:06
Normal Defense
1 - 35% - 35% - 17:51
2 - 28% - 30% - 14:18
3 - 18% - 22% - 9:23
4 - 19% - 13% - 9:48
PP Forward
1 - 56% - 60% - 3:42
2 - 44% - 40% - 2:52
PP Defense
1 - 74% - 60% - 4:53
2 - 26% - 40% - 1:41
PK Forward
1 - 100% - 60% - 2:06
2 - 0% - 40% - 0:00
PK Defense
1 - 49% - 60% - 1:02
2 - 51% - 40% - 1:04
PK3 Forward
1 - 0% - 60%
2 - 0% - 40%
PK3 Defense
1 - 0% - 60%
2 - 0% - 40%
44 Forward
1 - 89% - 60% - 4:26
2 - 11% - 40% - 0:34
44 Defense
1 - 55% - 60% - 2:46
2 - 45% - 40% - 2:14
Last Minute Offensive  - 0:00
Last Minute Defensive  - 0:00
Total
Forward - 65:00
Defense - 65:00

% Time on Ice - Bears

Lines # - Real PCT - Wanted PCT - Time Play
Normal Forward
1 - 29% - 35% - 14:58
2 - 32% - 30% - 16:38
3 - 25% - 22% - 13:02
4 - 13% - 13% - 6:42
Normal Defense
1 - 31% - 35% - 15:45
2 - 33% - 30% - 17:02
3 - 28% - 22% - 14:15
4 - 8% - 13% - 4:18
PP Forward
1 - 67% - 60% - 1:25
2 - 33% - 40% - 0:41
PP Defense
1 - 66% - 60% - 1:23
2 - 34% - 40% - 0:43
PK Forward
1 - 75% - 60% - 4:55
2 - 25% - 40% - 1:39
PK Defense
1 - 55% - 60% - 3:35
2 - 45% - 40% - 2:59
PK3 Forward
1 - 0% - 60%
2 - 0% - 40%
PK3 Defense
1 - 0% - 60%
2 - 0% - 40%
44 Forward
1 - 98% - 60% - 4:53
2 - 2% - 40% - 0:07
44 Defense
1 - 58% - 60% - 2:53
2 - 42% - 40% - 2:07
Last Minute Offensive  - 0:00
Last Minute Defensive  - 0:00
Total
Forward - 65:00
Defense - 65:00

Play by Play

1st period


0:01 of 1st period - Patrice Cormier wins face-off versus Brett Olson in neutral zone.
0:16 of 1st period - Slapshot by Keith Ballard.
0:16 of 1st period - Shot Blocked by RJ Umberger.
0:57 of 1st period - Slapshot by Raffi Torres.
0:57 of 1st period - Shot Blocked by Stefan Elliott.
1:09 of 1st period - Snap shot by Matej Stransky.
1:09 of 1st period - Stopped by John Gibson without a rebound.
1:10 of 1st period - Tyler Brown wins face-off versus Mathieu Tousignant in Bears zone.
1:12 of 1st period - Minor Penalty to David Dziurzynski for Holding.
1:13 of 1st period - Brett Olson wins face-off versus RJ Umberger in Bears zone.
1:13 of 1st period - Snap shot by Keith Ballard.
1:13 of 1st period - Deflect By Jared Knight.
1:13 of 1st period - Shot Blocked by Matt Taormina.
1:13 of 1st period - Puck is out of play.
1:14 of 1st period - RJ Umberger wins face-off versus Brett Olson in Bears zone.
2:08 of 1st period - Matej Stransky is hit by Patrice Cormier and loses puck.
2:21 of 1st period - C.J. Stretch is hit by Mark Flood and loses puck.
2:34 of 1st period - Snap shot by Rostislav Olesz.
2:34 of 1st period - Shot Misses the Net.
3:12 of 1st period - Penalty to David Dziurzynski is over, David Dziurzynski is back on ice.
5:00 of 1st period - Wrist shot by RJ Umberger.
5:00 of 1st period - Shot Misses the Net.
5:02 of 1st period - Slapshot by Matt Taormina.
5:02 of 1st period - Shot Blocked by Derek Forbort.
5:08 of 1st period - Wrist shot by RJ Umberger.
5:08 of 1st period - Shot Misses the Net.
5:31 of 1st period - Off-side.
5:32 of 1st period - Tyler Brown wins face-off versus Brett Olson in neutral zone.
6:15 of 1st period - Wrist shot by Joe Morrow.
6:15 of 1st period - Stopped by John Gibson with a rebound.
6:17 of 1st period - Slapshot by Joe Morrow.
6:17 of 1st period - Shot Blocked by Maxime Macenauer.
6:19 of 1st period - Snap shot by Derek Forbort.
6:19 of 1st period - Stopped by John Gibson without a rebound.
6:20 of 1st period - Mathieu Tousignant wins face-off versus Maxime Macenauer in Bears zone.
6:21 of 1st period - Snap shot by Joe Morrow.
6:21 of 1st period - Stopped by John Gibson with a rebound.
6:41 of 1st period - Joe Morrow is hit by David Dziurzynski and loses puck.
6:52 of 1st period - Mark Flood is hit by Mathieu Tousignant and loses puck.
7:13 of 1st period - Icing by Nathan Paetsch.
7:14 of 1st period - Patrice Cormier wins face-off versus Farm Player23 in Monarchs zone.
7:15 of 1st period - Snap shot by RJ Umberger.
7:15 of 1st period - Shot Blocked by Rostislav Olesz.
8:02 of 1st period - Nathan Paetsch is hit by Erick Lizon and loses puck.
8:19 of 1st period - Jared Knight is hit by Maxime Macenauer and loses puck.
8:45 of 1st period - Snap shot by Tyler Brown.
8:45 of 1st period - Shot Blocked by Rostislav Olesz.
8:47 of 1st period - Slapshot by Stefan Elliott.
8:47 of 1st period - Deflect By Rostislav Olesz.
8:47 of 1st period - Stopped by Niklas Svedberg without a rebound.
8:48 of 1st period - Mathieu Tousignant wins face-off versus Tyler Brown in Monarchs zone.
9:13 of 1st period - Snap shot by Maxime Macenauer.
9:13 of 1st period - Shot Misses the Net.
9:15 of 1st period - Backhand shot by Stefan Elliott.
9:15 of 1st period - Shot Misses the Net.
9:17 of 1st period - Wrist shot by Kevin Henderson.
9:17 of 1st period - Shot Misses the Net.
9:58 of 1st period - Slapshot by Keith Ballard.
9:58 of 1st period - Deflect By Raffi Torres.
9:58 of 1st period - Stopped by John Gibson with a rebound.
10:00 of 1st period - Wrist shot by Keith Ballard.
10:00 of 1st period - Shot Misses the Net.
10:04 of 1st period - Snap shot by Keith Ballard.
10:04 of 1st period - Deflect By RJ Umberger.
10:04 of 1st period - Stopped by John Gibson with a rebound.
11:24 of 1st period - Wrist shot by Patrice Cormier.
11:24 of 1st period - Deflect By Brad Mills.
11:24 of 1st period - Stopped by Niklas Svedberg with a rebound.
12:06 of 1st period - Wrist shot by Brett Olson.
12:06 of 1st period - Stopped by John Gibson with a rebound.
12:13 of 1st period - Icing by Ben Youds.
12:14 of 1st period - Mathieu Tousignant wins face-off versus Erick Lizon in Bears zone.
12:21 of 1st period - Slapshot by Keith Ballard.
12:21 of 1st period - Shot Misses the Net.
12:49 of 1st period - Wrist shot by Jason Jaffray.
12:49 of 1st period - Shot Blocked by Mark Cundari.
12:51 of 1st period - Slapshot by Nathan Paetsch.
12:51 of 1st period - Deflect By Jason Jaffray.
12:51 of 1st period - Stopped by John Gibson with a rebound.
12:53 of 1st period - Slapshot by Nathan Paetsch.
12:53 of 1st period - Deflect By Jason Jaffray.
12:53 of 1st period - Stopped by John Gibson with a rebound.
13:39 of 1st period - Snap shot by Brett Clark.
13:39 of 1st period - Shot Blocked by Jason Jaffray.
13:41 of 1st period - Wrist shot by Chris Bruton.
13:41 of 1st period - Stopped by Niklas Svedberg without a rebound.
13:42 of 1st period - Chris Bruton wins face-off versus Mathieu Tousignant in Monarchs zone.
13:44 of 1st period - Shawn O'Donnell beats up Bobby Robins.
13:44 of 1st period - Penalty to Shawn O'Donnell for Fighting.
13:44 of 1st period - Penalty to Bobby Robins for Fighting.
13:45 of 1st period - RJ Umberger wins face-off versus Brett Olson in Monarchs zone.
14:15 of 1st period - Minor Penalty to Brad Mills for Hooking.
14:16 of 1st period - RJ Umberger wins face-off versus C.J. Stretch in Bears zone.
14:55 of 1st period - Slapshot by Keith Ballard.
14:55 of 1st period - Shot Blocked by RJ Umberger.
14:57 of 1st period - Slapshot by Keith Ballard.
14:57 of 1st period - Shot Blocked by Stefan Elliott.
15:07 of 1st period - RJ Umberger is hit by Rostislav Olesz and loses puck.
16:15 of 1st period - Penalty to Brad Mills is over, Brad Mills is back on ice.
17:18 of 1st period - Derek Forbort is hit by David Dziurzynski and loses puck.
18:21 of 1st period - Snap shot by Mathieu Tousignant.
18:21 of 1st period - Shot Blocked by Tyler Brown.
18:51 of 1st period - Jordan Hill is hit by Brett Clark and loses puck.
18:56 of 1st period - Backhand shot by Brad Mills.
18:56 of 1st period - Shot Misses the Net.
19:06 of 1st period - Jared Knight is hit by Mark Cundari and loses puck.
19:17 of 1st period - Wrist shot by Tyler Brown.
19:17 of 1st period - Stopped by Niklas Svedberg with a rebound.
19:19 of 1st period - Snap shot by David Dziurzynski.
19:19 of 1st period - Shot Misses the Net.
19:35 of 1st period - Slapshot by RJ Umberger.
19:35 of 1st period - Stopped by Niklas Svedberg with a rebound.
19:37 of 1st period - Slapshot by Mark Flood.
19:37 of 1st period - Shot Blocked by Jordan Hill.
19:39 of 1st period - Snap shot by Mark Flood.
19:39 of 1st period - Stopped by Niklas Svedberg with a rebound.
19:41 of 1st period - Slapshot by Mark Flood.
19:41 of 1st period - Stopped by Niklas Svedberg with a rebound.
19:59 of 1st period - Slapshot by Brett Clark.
19:59 of 1st period - Stopped by Niklas Svedberg with a rebound.
Goals for this period are 0 for Monarchs vs 0 for Bears.
Shots for this period are 9 for Monarchs vs 8 for Bears.

2nd period


0:01 of 2nd period - Patrice Cormier wins face-off versus Brett Olson in neutral zone.
0:16 of 2nd period - Wrist shot by RJ Umberger.
0:16 of 2nd period - Shot Blocked by Jared Knight.
0:18 of 2nd period - Wrist shot by Brett Clark.
0:18 of 2nd period - Deflect By RJ Umberger.
0:18 of 2nd period - Shot Misses the Net.
0:18 of 2nd period - Puck is out of play.
0:19 of 2nd period - Patrice Cormier wins face-off versus Brett Olson in Monarchs zone.
1:02 of 2nd period - Wrist shot by Maxime Macenauer.
1:02 of 2nd period - Stopped by Niklas Svedberg without a rebound.
1:03 of 2nd period - C.J. Stretch wins face-off versus Maxime Macenauer in Monarchs zone.
1:12 of 2nd period - Slapshot by Nathan Paetsch.
1:12 of 2nd period - Shot Blocked by Mark Flood.
1:14 of 2nd period - Wrist shot by C.J. Stretch.
1:14 of 2nd period - Stopped by John Gibson with a rebound.
1:16 of 2nd period - Slapshot by Raffi Torres.
1:16 of 2nd period - Shot Blocked by Kevin Henderson.
1:18 of 2nd period - Slapshot by Keith Ballard.
1:18 of 2nd period - Shot Blocked by Mark Flood.
1:20 of 2nd period - Slapshot by Raffi Torres.
1:20 of 2nd period - Stopped by John Gibson with a rebound.
1:22 of 2nd period - Slapshot by Nathan Paetsch.
1:22 of 2nd period - Shot Misses the Net.
1:24 of 2nd period - Snap shot by C.J. Stretch.
1:24 of 2nd period - Stopped by John Gibson with a rebound.
1:58 of 2nd period - Slapshot by Derek Forbort.
1:58 of 2nd period - Deflect By Rostislav Olesz.
1:58 of 2nd period - Shot Blocked by Maxime Macenauer.
1:58 of 2nd period - Puck is out of play.
1:59 of 2nd period - Patrice Cormier wins face-off versus Mathieu Tousignant in Bears zone.
2:07 of 2nd period - Minor Penalty to Bobby Robins for Hooking.
2:08 of 2nd period - Patrice Cormier wins face-off versus Jason Jaffray in Monarchs zone.
2:14 of 2nd period - Wrist shot by RJ Umberger.
2:14 of 2nd period - Goal by RJ Umberger - Monarchs : 0 - Bears : 1.
2:15 of 2nd period - Brett Olson wins face-off versus Patrice Cormier in neutral zone.
3:05 of 2nd period - Icing by Patrice Cormier.
3:06 of 2nd period - Patrice Cormier wins face-off versus C.J. Stretch in Bears zone.
3:06 of 2nd period - Patrice Cormier and Raffi Torres fight to a draw.
3:06 of 2nd period - Penalty to Patrice Cormier for Fighting.
3:06 of 2nd period - Penalty to Raffi Torres for Fighting.
3:07 of 2nd period - Tyler Brown wins face-off versus Farm Player23 in Bears zone.
3:25 of 2nd period - Off-side.
3:26 of 2nd period - Tyler Brown wins face-off versus Farm Player23 in neutral zone.
3:31 of 2nd period - David Dziurzynski beats up Taylor Doherty.
3:31 of 2nd period - Penalty to David Dziurzynski for Fighting.
3:31 of 2nd period - Penalty to Taylor Doherty for Fighting.
3:31 of 2nd period - Penalty to Taylor Doherty for instigated a fight.
3:31 of 2nd period - Penalty to Taylor Doherty for instigated a fight.
3:32 of 2nd period - Jason Jaffray wins face-off versus Tyler Brown in Monarchs zone.
4:25 of 2nd period - Nathan Paetsch is hit by Kevin Henderson and loses puck.
4:45 of 2nd period - Joe Morrow is hit by Brett Clark and loses puck.
4:50 of 2nd period - Snap shot by Kevin Henderson.
4:50 of 2nd period - Shot Blocked by Joe Morrow.
5:31 of 2nd period - Penalty to Taylor Doherty is over, Farm Player23 is send on ice.
5:52 of 2nd period - Slapshot by Mark Cundari.
5:52 of 2nd period - Stopped by Niklas Svedberg with a rebound.
5:54 of 2nd period - Slapshot by Mark Cundari.
5:54 of 2nd period - Shot Blocked by Jason Jaffray.
5:56 of 2nd period - Wrist shot by Ben Youds.
5:56 of 2nd period - Deflect By Shawn O'Donnell.
5:56 of 2nd period - Shot Misses the Net.
5:56 of 2nd period - Puck is out of play.
5:57 of 2nd period - C.J. Stretch wins face-off versus Tyler Brown in Monarchs zone.
6:02 of 2nd period - Slapshot by Keith Ballard.
6:02 of 2nd period - Shot Misses the Net.
6:34 of 2nd period - Slapshot by Keith Ballard.
6:34 of 2nd period - Stopped by John Gibson with a rebound.
7:17 of 2nd period - Derek Forbort is hit by Kevin Henderson and loses puck.
7:24 of 2nd period - Slapshot by Kevin Henderson.
7:24 of 2nd period - Stopped by Niklas Svedberg with a rebound.
7:44 of 2nd period - Snap shot by Stefan Elliott.
7:44 of 2nd period - Shot Misses the Net.
7:52 of 2nd period - Brett Clark is hit by Keith Ballard and loses puck.
8:18 of 2nd period - Jared Knight is hit by Erick Lizon and loses puck.
9:53 of 2nd period - Wrist shot by Maxime Macenauer.
9:53 of 2nd period - Stopped by Niklas Svedberg with a rebound.
10:22 of 2nd period - Snap shot by Rostislav Olesz.
10:22 of 2nd period - Shot Misses the Net.
10:24 of 2nd period - Snap shot by Rostislav Olesz.
10:24 of 2nd period - Stopped by John Gibson with a rebound.
11:04 of 2nd period - Matej Stransky is hit by Ben Youds.
11:13 of 2nd period - Icing by C.J. Stretch.
11:14 of 2nd period - C.J. Stretch wins face-off versus Chris Bruton in Monarchs zone.
11:49 of 2nd period - Icing by Brett Olson.
11:50 of 2nd period - Mathieu Tousignant wins face-off versus Patrice Cormier in Monarchs zone.
12:01 of 2nd period - Rostislav Olesz is hit by Brad Mills and loses puck.
14:39 of 2nd period - Wrist shot by Jason Jaffray.
14:39 of 2nd period - Stopped by John Gibson with a rebound.
15:07 of 2nd period - Snap shot by Kevin Henderson.
15:07 of 2nd period - Shot Misses the Net.
15:38 of 2nd period - Slapshot by Raffi Torres.
15:38 of 2nd period - Shot Misses the Net.
16:03 of 2nd period - Slapshot by Stefan Elliott.
16:03 of 2nd period - Stopped by Niklas Svedberg with a rebound.
16:05 of 2nd period - Slapshot by Eric Neilson.
16:05 of 2nd period - Shot Blocked by Jason Jaffray.
16:51 of 2nd period - Nathan Paetsch is hit by Maxime Macenauer and loses puck.
17:21 of 2nd period - Snap shot by Bobby Robins.
17:21 of 2nd period - Deflect By Mathieu Tousignant.
17:21 of 2nd period - Shot Misses the Net.
17:21 of 2nd period - Puck is out of play.
17:22 of 2nd period - Tyler Brown wins face-off versus Mathieu Tousignant in Bears zone.
17:55 of 2nd period - Mark Flood is hit by Bobby Robins and loses puck.
18:23 of 2nd period - Snap shot by Nathan Paetsch.
18:23 of 2nd period - Shot Misses the Net.
18:31 of 2nd period - 10 Minutes Misconduct Penalty to Taylor Doherty is over.
18:43 of 2nd period - Mark Flood is hit by Rostislav Olesz and loses puck.
18:50 of 2nd period - Snap shot by Rostislav Olesz.
18:50 of 2nd period - Deflect By Farm Player23.
18:50 of 2nd period - Shot Blocked by Mark Flood.
18:50 of 2nd period - Puck is out of play.
18:51 of 2nd period - Maxime Macenauer wins face-off versus Farm Player23 in Bears zone.
19:26 of 2nd period - Wrist shot by David Dziurzynski.
19:26 of 2nd period - Shot Misses the Net.
19:28 of 2nd period - Slapshot by Stefan Elliott.
19:28 of 2nd period - Shot Blocked by Raffi Torres.
19:30 of 2nd period - Snap shot by Brett Clark.
19:30 of 2nd period - Shot Blocked by Jordan Hill.
19:32 of 2nd period - Snap shot by Stefan Elliott.
19:32 of 2nd period - Shot Blocked by C.J. Stretch.
19:34 of 2nd period - Slapshot by Brett Clark.
19:34 of 2nd period - Stopped by Niklas Svedberg with a rebound.
19:59 of 2nd period - Matej Stransky is hit by RJ Umberger and loses puck.
Goals for this period are 0 for Monarchs vs 1 for Bears.
Shots for this period are 6 for Monarchs vs 7 for Bears.

3rd period


0:01 of 3rd period - Patrice Cormier wins face-off versus Jared Knight in neutral zone.
0:57 of 3rd period - Mark Flood is hit by Raffi Torres and loses puck.
1:22 of 3rd period - Snap shot by Raffi Torres.
1:22 of 3rd period - Deflect By C.J. Stretch.
1:22 of 3rd period - Stopped by John Gibson with a rebound.
1:35 of 3rd period - David Dziurzynski and Bobby Robins fight to a draw.
1:35 of 3rd period - Penalty to David Dziurzynski for Fighting.
1:35 of 3rd period - Penalty to Bobby Robins for Fighting.
1:36 of 3rd period - Patrice Cormier wins face-off versus Farm Player23 in Monarchs zone.
1:59 of 3rd period - RJ Umberger is hit by Keith Ballard and loses puck.
2:04 of 3rd period - Slapshot by Keith Ballard.
2:04 of 3rd period - Stopped by John Gibson without a rebound.
2:05 of 3rd period - C.J. Stretch wins face-off versus Tyler Brown in Bears zone.
2:08 of 3rd period - Snap shot by Raffi Torres.
2:08 of 3rd period - Shot Misses the Net.
2:14 of 3rd period - Backhand shot by Raffi Torres.
2:14 of 3rd period - Shot Misses the Net.
3:03 of 3rd period - Keith Ballard is hit by Erick Lizon and loses puck.
3:34 of 3rd period - Brett Clark is hit by Keith Ballard and loses puck.
3:49 of 3rd period - Wrist shot by RJ Umberger.
3:49 of 3rd period - Stopped by Niklas Svedberg without a rebound.
3:50 of 3rd period - Mathieu Tousignant wins face-off versus Tyler Brown in Monarchs zone.
4:46 of 3rd period - Slapshot by RJ Umberger.
4:46 of 3rd period - Stopped by Niklas Svedberg without a rebound.
4:47 of 3rd period - Maxime Macenauer wins face-off versus C.J. Stretch in Monarchs zone.
5:04 of 3rd period - Snap shot by Matej Stransky.
5:04 of 3rd period - Shot Blocked by Stefan Elliott.
5:06 of 3rd period - Slapshot by Joe Morrow.
5:06 of 3rd period - Stopped by John Gibson with a rebound.
5:08 of 3rd period - Wrist shot by Matej Stransky.
5:08 of 3rd period - Shot Blocked by Maxime Macenauer.
5:10 of 3rd period - Slapshot by Joe Morrow.
5:10 of 3rd period - Shot Blocked by Stefan Elliott.
5:40 of 3rd period - Brett Clark is hit by Joe Morrow and loses puck.
5:53 of 3rd period - Brett Olson is hit by Shawn O'Donnell and loses puck.
7:03 of 3rd period - Icing by Rostislav Olesz.
7:04 of 3rd period - Mathieu Tousignant wins face-off versus Tyler Brown in Monarchs zone.
7:15 of 3rd period - David Dziurzynski beats up Bobby Robins.
7:15 of 3rd period - Penalty to David Dziurzynski for Fighting.
7:15 of 3rd period - David Dziurzynski is ejected from game.
7:15 of 3rd period - Penalty to Bobby Robins for Fighting.
7:15 of 3rd period - Bobby Robins is ejected from game.
7:16 of 3rd period - Matej Stransky wins face-off versus Patrice Cormier in Monarchs zone.
7:51 of 3rd period - Wrist shot by RJ Umberger.
7:51 of 3rd period - Deflect By Brad Mills.
7:51 of 3rd period - Shot Misses the Net.
7:51 of 3rd period - Puck is out of play.
7:52 of 3rd period - Mathieu Tousignant wins face-off versus Maxime Macenauer in Monarchs zone.
8:14 of 3rd period - Snap shot by Rostislav Olesz.
8:14 of 3rd period - Stopped by John Gibson with a rebound.
8:26 of 3rd period - Wrist shot by Mathieu Tousignant.
8:26 of 3rd period - Shot Blocked by Maxime Macenauer.
8:28 of 3rd period - Snap shot by Rostislav Olesz.
8:28 of 3rd period - Stopped by John Gibson with a rebound.
8:55 of 3rd period - Snap shot by Jason Jaffray.
8:55 of 3rd period - Shot Misses the Net.
9:28 of 3rd period - Derek Forbort is hit by Matt Taormina and loses puck.
9:35 of 3rd period - C.J. Stretch is hit by Patrice Cormier and loses puck.
10:25 of 3rd period - Brett Clark is hit by Mathieu Tousignant and loses puck.
10:44 of 3rd period - Wrist shot by Rostislav Olesz.
10:44 of 3rd period - Stopped by John Gibson with a rebound.
10:51 of 3rd period - Icing by Brett Clark.
10:52 of 3rd period - Brett Olson wins face-off versus Maxime Macenauer in Bears zone.
10:59 of 3rd period - Wrist shot by Jared Knight.
10:59 of 3rd period - Shot Blocked by Brett Clark.
11:01 of 3rd period - Wrist shot by Jason Jaffray.
11:01 of 3rd period - Stopped by John Gibson without a rebound.
11:02 of 3rd period - Brett Olson wins face-off versus Patrice Cormier in Bears zone.
11:11 of 3rd period - Backhand shot by Brett Olson.
11:11 of 3rd period - Stopped by John Gibson with a rebound.
11:16 of 3rd period - Minor Penalty to Patrice Cormier for Interference.
11:17 of 3rd period - RJ Umberger wins face-off versus Brett Olson in Bears zone.
11:21 of 3rd period - Slapshot by Matt Taormina.
11:21 of 3rd period - Shot Blocked by Keith Ballard.
11:23 of 3rd period - Snap shot by Matt Taormina.
11:23 of 3rd period - Shot Blocked by Jason Jaffray.
11:25 of 3rd period - Snap shot by Mark Flood.
11:25 of 3rd period - Stopped by Niklas Svedberg with a rebound.
11:27 of 3rd period - Slapshot by Mark Flood.
11:27 of 3rd period - Stopped by Niklas Svedberg with a rebound.
11:35 of 3rd period - Snap shot by RJ Umberger.
11:35 of 3rd period - Stopped by Niklas Svedberg with a rebound.
11:37 of 3rd period - Wrist shot by RJ Umberger.
11:37 of 3rd period - Shot Blocked by Nathan Paetsch.
11:39 of 3rd period - Slapshot by Mark Flood.
11:39 of 3rd period - Stopped by Niklas Svedberg without a rebound.
11:40 of 3rd period - RJ Umberger wins face-off versus C.J. Stretch in Monarchs zone.
11:53 of 3rd period - Backhand shot by Keith Ballard.
11:53 of 3rd period - Goal by Keith Ballard - Monarchs : 1 - Bears : 1.
11:54 of 3rd period - Brett Olson wins face-off versus Patrice Cormier in neutral zone.
12:14 of 3rd period - Wrist shot by Patrice Cormier.
12:14 of 3rd period - Shot Misses the Net.
12:16 of 3rd period - Slapshot by Brett Clark.
12:16 of 3rd period - Stopped by Niklas Svedberg without a rebound.
12:17 of 3rd period - C.J. Stretch wins face-off versus Maxime Macenauer in Monarchs zone.
12:47 of 3rd period - Raffi Torres beats up Erick Lizon.
12:47 of 3rd period - Penalty to Erick Lizon for Fighting.
12:47 of 3rd period - Penalty to Raffi Torres for Fighting.
12:48 of 3rd period - Patrice Cormier wins face-off versus Jared Knight in Monarchs zone.
12:51 of 3rd period - Snap shot by RJ Umberger.
12:51 of 3rd period - Shot Misses the Net.
13:16 of 3rd period - Snap shot by Jason Jaffray.
13:16 of 3rd period - Shot Misses the Net.
13:18 of 3rd period - Snap shot by Brett Olson.
13:18 of 3rd period - Shot Misses the Net.
13:20 of 3rd period - Slapshot by Jason Jaffray.
13:20 of 3rd period - Shot Blocked by RJ Umberger.
13:43 of 3rd period - Taylor Doherty is hit by Kevin Henderson.
14:10 of 3rd period - Slapshot by Nathan Paetsch.
14:10 of 3rd period - Deflect By C.J. Stretch.
14:10 of 3rd period - Shot Misses the Net.
14:10 of 3rd period - Puck is out of play.
14:11 of 3rd period - RJ Umberger wins face-off versus Farm Player23 in Bears zone.
14:16 of 3rd period - Chris Bruton is hit by Rostislav Olesz and loses puck.
14:59 of 3rd period - Snap shot by C.J. Stretch.
14:59 of 3rd period - Shot Misses the Net.
15:10 of 3rd period - Shawn O'Donnell beats up Keith Ballard.
15:10 of 3rd period - Penalty to Shawn O'Donnell for Fighting.
15:10 of 3rd period - Penalty to Keith Ballard for Fighting.
15:11 of 3rd period - Maxime Macenauer wins face-off versus Mathieu Tousignant in Bears zone.
15:32 of 3rd period - Wrist shot by Maxime Macenauer.
15:32 of 3rd period - Shot Hit the Post.
15:34 of 3rd period - Snap shot by Tyler Brown.
15:34 of 3rd period - Shot Misses the Net.
16:02 of 3rd period - RJ Umberger is hit by Mathieu Tousignant and loses puck.
16:38 of 3rd period - Snap shot by Jason Jaffray.
16:38 of 3rd period - Stopped by John Gibson without a rebound.
16:39 of 3rd period - Brett Olson wins face-off versus Tyler Brown in Bears zone.
16:42 of 3rd period - Wrist shot by Jason Jaffray.
16:42 of 3rd period - Shot Misses the Net.
16:44 of 3rd period - Snap shot by Jason Jaffray.
16:44 of 3rd period - Shot Misses the Net.
16:46 of 3rd period - Snap shot by Jason Jaffray.
16:46 of 3rd period - Shot Blocked by Eric Neilson.
16:48 of 3rd period - Wrist shot by Jared Knight.
16:48 of 3rd period - Deflect By Jason Jaffray.
16:48 of 3rd period - Shot Blocked by Ben Youds.
16:48 of 3rd period - Puck is out of play.
16:49 of 3rd period - Brett Olson wins face-off versus Maxime Macenauer in Bears zone.
17:03 of 3rd period - Minor Penalty to Farm Player15 for Holding.
17:04 of 3rd period - RJ Umberger wins face-off versus Brett Olson in Bears zone.
17:22 of 3rd period - Wrist shot by Jason Jaffray.
17:22 of 3rd period - Stopped by John Gibson without a rebound.
17:23 of 3rd period - Brett Olson wins face-off versus RJ Umberger in Bears zone.
17:46 of 3rd period - Slapshot by Nathan Paetsch.
17:46 of 3rd period - Shot Misses the Net.
17:47 of 3rd period - Penalty to Erick Lizon is over, Erick Lizon is back on ice.
17:48 of 3rd period - Slapshot by Nathan Paetsch.
17:48 of 3rd period - Shot Misses the Net.
18:04 of 3rd period - Brett Clark is hit by Derek Forbort and loses puck.
18:11 of 3rd period - Derek Forbort is hit by Patrice Cormier and loses puck.
18:35 of 3rd period - Patrice Cormier is hit by Derek Forbort and loses puck.
19:03 of 3rd period - Penalty to Farm Player15 is over, Farm Player15 is back on ice.
19:27 of 3rd period - Slapshot by Maxime Macenauer.
19:27 of 3rd period - Stopped by Niklas Svedberg without a rebound.
19:28 of 3rd period - Tyler Brown wins face-off versus Brett Olson in Monarchs zone.
19:47 of 3rd period - Backhand shot by Jared Knight.
19:47 of 3rd period - Shot Blocked by Ben Youds.
Goals for this period are 1 for Monarchs vs 0 for Bears.
Shots for this period are 11 for Monarchs vs 8 for Bears.

Overtime #1


0:01 of 1st overtime period - Jason Jaffray wins face-off versus RJ Umberger in neutral zone.
0:10 of 1st overtime period - Penalty to Shawn O'Donnell is over, Shawn O'Donnell is back on ice.
0:10 of 1st overtime period - Penalty to Keith Ballard is over, Keith Ballard is back on ice.
0:12 of 1st overtime period - Snap shot by RJ Umberger.
0:12 of 1st overtime period - Shot Misses the Net.
0:14 of 1st overtime period - Wrist shot by RJ Umberger.
0:14 of 1st overtime period - Shot Blocked by Derek Forbort.
0:16 of 1st overtime period - Snap shot by Stefan Elliott.
0:16 of 1st overtime period - Shot Blocked by Derek Forbort.
0:18 of 1st overtime period - Snap shot by RJ Umberger.
0:18 of 1st overtime period - Stopped by Niklas Svedberg without a rebound.
0:19 of 1st overtime period - Keith Ballard wins face-off versus RJ Umberger in Monarchs zone.
0:38 of 1st overtime period - Wrist shot by Patrice Cormier.
0:38 of 1st overtime period - Stopped by Niklas Svedberg with a rebound.
0:40 of 1st overtime period - Wrist shot by Shawn O'Donnell.
0:40 of 1st overtime period - Stopped by Niklas Svedberg without a rebound.
0:41 of 1st overtime period - RJ Umberger wins face-off versus Jason Jaffray in Monarchs zone.
0:54 of 1st overtime period - Snap shot by Patrice Cormier.
0:54 of 1st overtime period - Shot Misses the Net.
1:39 of 1st overtime period - Brett Clark is hit by Jason Jaffray and loses puck.
2:22 of 1st overtime period - Icing by Mathieu Tousignant.
2:23 of 1st overtime period - Mathieu Tousignant wins face-off versus Tyler Brown in Monarchs zone.
3:36 of 1st overtime period - Joe Morrow is hit by Brett Clark and loses puck.
4:03 of 1st overtime period - Jason Jaffray is hit by Stefan Elliott.
4:13 of 1st overtime period - Slapshot by Jared Knight.
4:13 of 1st overtime period - Stopped by John Gibson with a rebound.
4:33 of 1st overtime period - Mark Flood is hit by Nathan Paetsch and loses puck.
4:42 of 1st overtime period - Slapshot by Keith Ballard.
4:42 of 1st overtime period - Stopped by John Gibson with a rebound.
4:44 of 1st overtime period - Slapshot by Keith Ballard.
4:44 of 1st overtime period - Shot Hit the Post.
4:52 of 1st overtime period - Slapshot by Keith Ballard.
4:52 of 1st overtime period - Deflect By RJ Umberger.
4:52 of 1st overtime period - Stopped by John Gibson without a rebound.
4:53 of 1st overtime period - Jason Jaffray wins face-off versus Kevin Henderson in Bears zone.
Goals for this period are 0 for Monarchs vs 0 for Bears.
Shots for this period are 3 for Monarchs vs 3 for Bears.

ShootOut


5:00 of 1st overtime period - Penalty Shot by Jason Jaffray for Monarchs.
5:00 of 1st overtime period - Wrist shot by Jason Jaffray.
5:00 of 1st overtime period - Stopped by John Gibson.
5:00 of 1st overtime period - Penalty Shot by RJ Umberger for Bears.
5:00 of 1st overtime period - Snap shot by RJ Umberger.
5:00 of 1st overtime period - Goal by RJ Umberger.
5:00 of 1st overtime period - Penalty Shot by Mathieu Tousignant for Monarchs.
5:00 of 1st overtime period - Deke by Mathieu Tousignant.
5:00 of 1st overtime period - Goal by Mathieu Tousignant.
5:00 of 1st overtime period - Penalty Shot by Patrice Cormier for Bears.
5:00 of 1st overtime period - Snap shot by Patrice Cormier.
5:00 of 1st overtime period - Stopped by Niklas Svedberg.
5:00 of 1st overtime period - Penalty Shot by Rostislav Olesz for Monarchs.
5:00 of 1st overtime period - Snap shot by Rostislav Olesz.
5:00 of 1st overtime period - Shot Misses the Net.
5:00 of 1st overtime period - Penalty Shot by Maxime Macenauer for Bears.
5:00 of 1st overtime period - Deke by Maxime Macenauer.
5:00 of 1st overtime period - Stopped by Niklas Svedberg.
5:00 of 1st overtime period - Penalty Shot by Brett Olson for Monarchs.
5:00 of 1st overtime period - Deke by Brett Olson.
5:00 of 1st overtime period - Goal by Brett Olson.
5:00 of 1st overtime period - Penalty Shot by Kevin Henderson for Bears.
5:00 of 1st overtime period - Wrist shot by Kevin Henderson.
5:00 of 1st overtime period - Goal by Kevin Henderson.
5:00 of 1st overtime period - Penalty Shot by Jared Knight for Monarchs.
5:00 of 1st overtime period - Snap shot by Jared Knight.
5:00 of 1st overtime period - Goal by Jared Knight.
5:00 of 1st overtime period - Penalty Shot by Brad Mills for Bears.
5:00 of 1st overtime period - Snap shot by Brad Mills.
5:00 of 1st overtime period - Shot Misses the Net.


Output by the SimonT Hockey Simulator (STHS) for Eric Dolegowski -- Original Page W3C XHTML 1.0 Valid
Hockey Simulator - Hockey Simulation - Hockey Manager